[Event "2024 Fred Maris Cup (Division A)"]
[Site "Woodvale, Perth WA AUS"]
[Date "2024.06.12"]
[Round "1"]
[White "Clarke, Daniel"]
[Black "Saxon, Marc"]
[Result "1/2-1/2"]
[ECO "C41"]
[WhiteElo "1960"]
[BlackElo "2026"]
[PlyCount "46"]
[EventDate "2024.06.12"]
[EventType "tourn"]
[EventRounds "5"]
[EventCountry "AUS"]
[TimeControl "3600+30"]

1. e4 e5 2. Nf3 d6 3. d4 exd4 4. Nxd4 Nf6 5. Nc3 g6 6. Bc4 Bg7 7. f3 O-O 8. Be3
c6 9. Qd2 Re8 10. O-O-O Nbd7 11. Kb1 Nb6 12. Bb3 d5 13. exd5 Nbxd5 14. Nxd5
Nxd5 15. Bf2 Qf6 16. Bxd5 cxd5 17. h4 h5 18. c3 Kh7 19. Rhe1 Rd8 20. Be3 Qa6
21. Qe2 Qxe2 22. Rxe2 Bxd4 23. Bxd4 Be6 1/2-1/2

[Event "2024 Fred Maris Cup (Division A)"]
[Site "Woodvale, Perth WA AUS"]
[Date "2024.06.12"]
[Round "1"]
[White "Taylor, Leon"]
[Black "Selby, Michael"]
[Result "1-0"]
[ECO "B00"]
[WhiteElo "2098"]
[BlackElo "1899"]
[PlyCount "71"]
[EventDate "2024.06.12"]
[EventType "tourn"]
[EventRounds "5"]
[EventCountry "AUS"]
[TimeControl "3600+30"]

1. e4 Nc6 2. c4 Nd4 3. Nc3 c5 4. Nf3 d6 5. h3 f5 6. exf5 Nxf5 7. d4 cxd4 8.
Nxd4 e5 9. Nxf5 Bxf5 10. Qf3 Qc8 11. Bg5 Be7 12. Bxe7 Nxe7 13. Nd5 Nc6 14. Bd3
O-O 15. Bxf5 Qxf5 16. Qxf5 Rxf5 17. b4 Rf7 18. O-O Nd4 19. b5 Rc8 20. Ne3 Kf8
21. a4 b6 22. Ra2 a5 23. bxa6 Ra7 24. f4 Kg8 25. fxe5 dxe5 26. Rb2 Rxa6 27. Nd5
Rb8 28. a5 Rxa5 29. Rxb6 Re8 30. Rb7 Rc5 31. Rff7 Ne6 32. Ne3 Kh8 33. Rfe7 Rcc8
34. Nf5 Rcd8 35. Nd6 Nc5 36. Nf7+ 1-0

[Event "2024 Fred Maris Cup (Division A)"]
[Site "Woodvale, Perth WA AUS"]
[Date "2024.06.12"]
[Round "1"]
[White "Plaganyi, Gyula"]
[Black "Gibson, Jacob"]
[Result "1-0"]
[ECO "A08"]
[WhiteElo "2017"]
[WhiteTitle "CM"]
[BlackElo "2023"]
[PlyCount "71"]
[EventDate "2024.06.12"]
[EventType "tourn"]
[EventRounds "5"]
[EventCountry "AUS"]
[TimeControl "3600+30"]

1. Nf3 d5 2. g3 c5 3. Bg2 Nc6 4. O-O e5 5. d3 Be7 6. Nc3 Be6 7. e4 d4 8. Ne2 g5
9. Ne1 g4 10. f4 gxf3 11. Nxf3 h6 12. Bd2 Qd7 13. a3 Bh3 14. b4 Bxg2 15. Kxg2
a6 16. c3 Qe6 17. cxd4 cxd4 18. Qa4 b5 19. Qc2 Rc8 20. Qa2 Kd7 21. Qd5+ Bd6 22.
Qxe6+ Kxe6 23. Rac1 Nge7 24. Nh4 f6 25. Nf5 h5 26. Nxd6 Kxd6 27. Rxf6+ Kd7 28.
h3 Rhf8 29. Rxf8 Rxf8 30. Ng1 Ke6 31. Nf3 Rc8 32. Rc5 Ng6 33. Bg5 Nf8 34. Nxe5
Kd6 35. Nxc6 Rxc6 36. Be7+ 1-0

[Event "2024 Fred Maris Cup (Division B)"]
[Site "Woodvale, Perth WA AUS"]
[Date "2024.06.12"]
[Round "1"]
[White "Elkington, Derek"]
[Black "Janceski, Alex"]
[Result "1-0"]
[ECO "B95"]
[WhiteElo "1876"]
[BlackElo "1891"]
[PlyCount "45"]
[EventDate "2024.06.12"]
[EventType "tourn"]
[EventRounds "5"]
[EventCountry "AUS"]
[TimeControl "3600+30"]

1. e4 c5 2. Nf3 d6 3. d4 cxd4 4. Nxd4 Nf6 5. Nc3 a6 6. Bg5 e6 7. Qf3 Be7 8. Be2
Nbd7 9. O-O-O Qc7 10. Rhe1 O-O 11. Qg3 Re8 12. Bh6 Bf8 13. f4 g6 14. Bxf8 Rxf8
15. Bf3 Rb8 16. e5 dxe5 17. fxe5 Ne8 18. h4 Ng7 19. h5 Nf5 20. Nxf5 exf5 21.
hxg6 fxg6 22. Nd5 Qa5 23. e6 {Scoresheet not clear} 1-0

[Event "2024 Fred Maris Cup (Division B)"]
[Site "Woodvale, Perth WA AUS"]
[Date "2024.06.12"]
[Round "1"]
[White "De Yaak, Peter"]
[Black "Wolstencroft, Alan"]
[Result "1-0"]
[ECO "B50"]
[WhiteElo "1855"]
[BlackElo "1864"]
[PlyCount "119"]
[EventDate "2024.06.12"]
[EventType "tourn"]
[EventRounds "5"]
[EventCountry "AUS"]
[TimeControl "3600+30"]

1. e4 c5 2. Bc4 Nc6 3. c3 d6 4. Nf3 Nf6 5. d3 g6 6. a3 Bg7 7. Be3 e6 8. Nbd2
O-O 9. O-O a6 10. Ba2 b5 11. Qe2 Bd7 12. e5 dxe5 13. Bxc5 Re8 14. Nxe5 Nxe5 15.
Qxe5 Bc6 16. Qe2 Rc8 17. Be3 Nd5 18. Nf3 Bb7 19. Rad1 Qe7 20. h3 Kh8 21. c4
Nxe3 22. fxe3 bxc4 23. Bxc4 h6 24. e4 Qc5+ 25. Kh1 Re7 26. b4 Qc7 27. a4 a5 28.
b5 Qc5 29. Qd2 Qb6 30. Nh2 Bxe4 31. Rf4 Bf5 32. Rdf1 g5 33. R4f3 Qc7 34. Qe2
Qc5 35. Qe1 Qc7 36. Re3 Bg6 37. Ng4 Qd8 38. Nf6 Bxf6 39. Rxf6 Qd4 40. Ref3 Kg7
41. Qxa5 Bf5 42. R6xf5 exf5 43. Rxf5 Rce8 44. Rf1 f5 45. Qd2 Re2 46. Qd1 Qc3
47. Qa1 Qxa1 48. Rxa1 Rc2 49. b6 Ree2 50. Bd5 Rc5 51. Bc4 Re7 52. a5 Rb7 53.
Kg1 Kf8 54. Kf2 f4 55. Kf3 Re5 56. a6 Rxb6 57. a7 Re3+ 58. Kg4 Kg7 59. a8=Q h5+
60. Kxg5 1-0

[Event "2024 Fred Maris Cup (Division C)"]
[Site "Woodvale, Perth WA AUS"]
[Date "2024.06.12"]
[Round "1"]
[White "Doshi, Chirag"]
[Black "Bhatia, Abhay"]
[Result "1/2-1/2"]
[ECO "B33"]
[WhiteElo "1828"]
[BlackElo "1694"]
[PlyCount "42"]
[EventDate "2024.06.12"]
[EventType "tourn"]
[EventRounds "5"]
[EventCountry "AUS"]
[TimeControl "3600+30"]

1. e4 c5 2. Nf3 Nc6 3. d4 cxd4 4. Nxd4 e5 5. Nb3 Nf6 6. Nc3 Bb4 7. Bd3 O-O 8.
Bd2 d6 9. O-O Be6 10. a3 Bxc3 11. Bxc3 Bg4 12. f3 Be6 13. Bd2 Bxb3 14. cxb3 Nd4
15. Be3 Qb6 16. Bc4 Rfd8 17. Bxd4 Qxd4+ 18. Qxd4 exd4 19. Rad1 d5 20. Bxd5 Nxd5
21. exd5 Rxd5 1/2-1/2

[Event "2024 Fred Maris Cup (Division C)"]
[Site "Woodvale, Perth WA AUS"]
[Date "2024.07.04"]
[Round "1"]
[White "Otis, Max"]
[Black "Roebuck, Derek"]
[Result "0-1"]
[ECO "C29"]
[WhiteElo "1620"]
[BlackElo "1752"]
[PlyCount "111"]
[EventDate "2024.06.12"]
[EventType "tourn"]
[EventRounds "5"]
[EventCountry "AUS"]
[TimeControl "3600+30"]

{Played at Metro Chess Club} 1. e4 e5 2. Nc3 Nf6 3. f4 d5 4. fxe5 Nxe4 5. Qf3
Nc6 6. Bb5 Nxc3 7. dxc3 Qh4+ 8. g3 Qe4+ 9. Qxe4 dxe4 10. Ne2 h5 11. Bxc6+ bxc6
12. Be3 g6 13. O-O-O Bg7 14. Bf4 Bd7 15. Rd4 Be6 16. Rhd1 O-O 17. Rxe4 Rfe8 18.
Nd4 Bd5 19. Re3 a6 20. c4 Bxc4 21. Nxc6 Be6 22. Rc3 Bg4 23. Rd5 f6 24. Rcd3 g5
25. exf6 gxf4 26. fxg7 Re1+ 27. Kd2 Re2+ 28. Kc3 f3 29. Nd4 f2 30. Nxe2 f1=Q
31. Nf4 Qe1+ 32. Kc4 Be2 33. Nxh5 Bxd3+ 34. Rxd3 Qe6+ 35. Rd5 Rd8 36. Nf4 Qe4+
37. Kc5 Qxc2+ 38. Kd4 Qxb2+ 39. Ke4 Rxd5 40. Nxd5 Qxa2 41. h4 Qg2+ 42. Kd4 Qxg3
43. h5 Qxg7+ 44. Kc4 Qg4+ 45. Kc5 Kf7 46. Nxc7 Qxh5+ 47. Kb6 Qg6+ 48. Ka5 Ke7
49. Nxa6 Qb1 50. Nb4 Kd6 51. Kb5 Qf1+ 52. Ka4 Kc5 53. Ka3 Kc4 54. Nc2 Kc3 55.
Nb4 Qa1+ 56. Na2+ 0-1

[Event "2024 Fred Maris Cup (Division D)"]
[Site "Woodvale, Perth WA AUS"]
[Date "2024.06.12"]
[Round "1"]
[White "Garang, Kuol Awan"]
[Black "Knight, Charles"]
[Result "1-0"]
[ECO "B13"]
[WhiteElo "1647"]
[BlackElo "1620"]
[PlyCount "101"]
[EventDate "2024.06.12"]
[EventType "tourn"]
[EventRounds "5"]
[EventCountry "AUS"]
[TimeControl "3600+30"]

1. e4 c6 2. d4 d5 3. exd5 cxd5 4. Nf3 Nc6 5. Bb5 Bg4 6. c3 e6 7. O-O Bd6 8. h3
Bh5 9. g4 Bg6 10. Bg5 Qc7 11. Bh4 h5 12. g5 Nge7 13. a4 Nf5 14. Nbd2 a6 15. Be2
Bf4 16. Kh1 Nxh4 17. Nxh4 Bxg5 18. Nxg6 fxg6 19. Rg1 Bxd2 20. Qxd2 Qf7 21. Bd3
Ne7 22. Rg2 O-O-O 23. Rag1 Rdf8 24. Qe2 Qf3 25. Qxe6+ Kb8 26. Bxg6 Nxg6 27.
Qxg6 Qxh3+ 28. Rh2 Qf3+ 29. Qg2 Qxg2+ 30. Rgxg2 Rf7 31. Rg5 Rhf8 32. Kg1 h4 33.
Rxd5 Rf5 34. Rxf5 Rxf5 35. Rxh4 Kc7 36. f4 b5 37. axb5 axb5 38. Kf2 Kd6 39. Ke3
Kd5 40. b3 g5 41. fxg5 Rxg5 42. Rh3 Rg1 43. Rh5+ Kc6 44. Rc5+ Kb6 45. c4 Rg3+
46. Kf4 Rxb3 47. Rxb5+ Rxb5 48. cxb5 Kxb5 49. Ke5 Kc6 50. Ke6 Kc7 51. d5 1-0

[Event "2024 Fred Maris Cup (Division D)"]
[Site "Woodvale, Perth WA AUS"]
[Date "2024.06.12"]
[Round "1"]
[White "Sethuraman, Jaswanth Ram"]
[Black "Michael, Ashley"]
[Result "1-0"]
[ECO "C48"]
[WhiteElo "1539"]
[BlackElo "1590"]
[PlyCount "125"]
[EventDate "2024.06.12"]
[EventType "tourn"]
[EventRounds "5"]
[EventCountry "AUS"]
[TimeControl "3600+30"]

1. e4 e5 2. Nf3 Nf6 3. Nc3 Nc6 4. Bb5 Bc5 5. d3 a6 6. Bxc6 dxc6 7. Nxe5 Qd4 8.
Be3 Qxe5 9. d4 Qe7 10. dxc5 Nxe4 11. Nxe4 Qxe4 12. O-O Be6 13. Re1 Rd8 14. Qc1
O-O 15. Bg5 Qc4 16. Bxd8 Rxd8 17. Rd1 Re8 18. Qd2 Bd5 19. Re1 Rf8 20. Re3 Qxc5
21. b3 Qd6 22. c4 Qf6 23. Rae1 Be6 24. Rf3 Qg6 25. Rg3 Qf6 26. Qe2 h6 27. Qe5
Qxe5 28. Rxe5 Rd8 29. Rge3 Rd1+ 30. Re1 Rd2 31. R5e2 Rd8 32. h3 Rd6 33. Kh2 Rd3
34. Rb2 Kf8 35. Ree2 Rd8 36. Rbd2 Re8 37. g4 g5 38. Kg3 Kg7 39. h4 gxh4+ 40.
Kxh4 Kg6 41. f4 Rg8 42. f5+ Bxf5 43. gxf5+ Kxf5 44. Rf2+ Ke6 45. Rde2+ Kd6 46.
Rxf7 b5 47. cxb5 cxb5 48. Rf6+ Kc5 49. Rxa6 h5 50. Rc2+ Kb4 51. Rxc7 Rg4+ 52.
Kxh5 Rh4+ 53. Kg5 Rh5+ 54. Kf4 Rf5+ 55. Ke3 Rf3+ 56. Kd4 Rd3+ 57. Ke5 Rd5+ 58.
Ke6 Re5+ 59. Kd7 Re7+ 60. Kc8 Re8+ 61. Kb7 Rb8+ 62. Kc6 Rd8 63. Rb6 1-0

[Event "2024 Fred Maris Cup (Division D)"]
[Site "Woodvale, Perth WA AUS"]
[Date "2024.06.12"]
[Round "1"]
[White "Curtis, Calan"]
[Black "Hintz, Steven"]
[Result "1/2-1/2"]
[ECO "C02"]
[WhiteElo "1574"]
[BlackElo "1567"]
[PlyCount "63"]
[EventDate "2024.06.12"]
[EventType "tourn"]
[EventRounds "5"]
[EventCountry "AUS"]
[TimeControl "3600+30"]

1. d4 e6 2. e4 d5 3. e5 c5 4. c3 Nc6 5. a3 Qb6 6. Nf3 Nge7 7. dxc5 Qxc5 8. Be3
Qa5 9. b4 Qc7 10. Bd4 Ng6 11. Qa4 Bd7 12. Bb5 a6 13. Bxc6 Bxc6 14. Qc2 Bb5 15.
a4 Bc4 16. Na3 Be7 17. Nxc4 Qxc4 18. Qa2 Qxa2 19. Rxa2 Nh4 20. Nxh4 Bxh4 21.
Ke2 Be7 22. Kd3 Rc8 23. Rb1 Kd7 24. g4 h5 25. h3 hxg4 26. hxg4 g5 27. b5 a5 28.
b6 Rc4 29. Rb5 Ra8 30. Rb1 Rh8 31. Rb5 Ra8 32. Rb1 1/2-1/2

[Event "2024 Fred Maris Cup (Division E)"]
[Site "Woodvale, Perth WA AUS"]
[Date "2024.06.12"]
[Round "1"]
[White "Leech, Martin"]
[Black "Raf, Adel"]
[Result "1-0"]
[ECO "B40"]
[WhiteElo "1557"]
[BlackElo "1522"]
[PlyCount "83"]
[EventDate "2024.06.12"]
[EventType "tourn"]
[EventRounds "5"]
[EventCountry "AUS"]
[TimeControl "3600+30"]

1. e4 c5 2. Nf3 e6 3. d4 cxd4 4. Nxd4 g6 5. Be3 Bg7 6. Qd2 Qf6 7. Nc3 a6 8. Be2
Ne7 9. O-O-O b5 10. Bg5 Qe5 11. Bxe7 Kxe7 12. f4 Qc7 13. g4 Qa5 14. Nb3 Qc7 15.
f5 Bxc3 16. bxc3 Bb7 17. Bf3 Rc8 18. Rhe1 Qxc3 19. Re3 Qxd2+ 20. Rxd2 a5 21.
f6+ Ke8 22. Be2 a4 23. Nd4 b4 24. g5 Kf8 25. Rh3 Bxe4 26. Rxh7 Kg8 27. Rg7+ Kf8
28. Bd3 d5 29. Bxe4 dxe4 30. Re2 Rc3 31. Nb5 Rh3 32. Nc7 Ra5 33. Rd2 Rd3 34.
cxd3 Rc5+ 35. Rc2 Rxc2+ 36. Kxc2 e3 37. Rh7 Kg8 38. Rh4 Nc6 39. Re4 b3+ 40.
axb3 axb3+ 41. Kxb3 e2 42. Kc3 1-0

[Event "2024 Fred Maris Cup (Division E)"]
[Site "Woodvale, Perth WA AUS"]
[Date "2024.06.12"]
[Round "1"]
[White "Boswarva, Ernest"]
[Black "Hagendoorn, Mark"]
[Result "0-1"]
[ECO "A80"]
[WhiteElo "1452"]
[BlackElo "1552"]
[PlyCount "94"]
[EventDate "2024.06.12"]
[EventType "tourn"]
[EventRounds "5"]
[EventCountry "AUS"]
[TimeControl "3600+30"]

1. d4 f5 2. Nf3 g6 3. e3 d6 4. Be2 Nf6 5. b3 Ne4 6. Bb2 Bg7 7. c4 O-O 8. Nc3 e6
9. Nxe4 fxe4 10. Nd2 d5 11. O-O c6 12. f3 Qg5 13. f4 Qe7 14. Qc1 Nd7 15. Ba3 c5
16. Rb1 b6 17. cxd5 exd5 18. dxc5 Nxc5 19. b4 Nd3 20. Bxd3 exd3 21. Nf3 Re8 22.
Re1 Bf5 23. Qd2 Rac8 24. Rbc1 Rc4 25. Nd4 Bxd4 26. exd4 Rxc1 27. Rxc1 Qe3+ 28.
Qxe3 Rxe3 29. Rd1 d2 30. Rxd2 Rxa3 31. Kf2 Bb1 32. g4 Bxa2 33. Re2 Kf7 34. Re3
Ra4 35. b5 Bc4 36. Re5 Rb4 37. f5 Rxb5 38. g5 gxf5 39. Rxf5+ Kg6 40. Re5 Rb2+
41. Kg3 Re2 42. h4 a5 43. Kg4 Rxe5 44. h5+ Kf7 45. dxe5 Be2+ 46. Kh4 a4 47. h6
Bd3 0-1

[Event "2024 Fred Maris Cup (Division F)"]
[Site "Woodvale, Perth WA AUS"]
[Date "2024.06.12"]
[Round "1"]
[White "Hounsome, David"]
[Black "Owen, Geoff"]
[Result "0-1"]
[ECO "A01"]
[WhiteElo "1393"]
[BlackElo "1175"]
[PlyCount "98"]
[EventDate "2024.06.12"]
[EventType "swiss"]
[EventRounds "5"]
[EventCountry "AUS"]
[TimeControl "3600+30"]

1. b3 d5 2. Bb2 Bg4 3. d4 e6 4. a3 Nf6 5. Nd2 g6 6. h3 Bf5 7. Ngf3 Bh6 8. e3
Ne4 9. c4 Nxd2 10. Qxd2 Be4 11. Be2 Nd7 12. O-O g5 13. Ne5 Nxe5 14. dxe5 Rg8
15. f3 g4 16. fxg4 Qh4 17. Bf3 O-O-O 18. Bxe4 dxe4 19. Qe2 Qg3 20. Rae1 Rd3 21.
Bc1 Rxb3 22. Rxf7 Rb1 23. Qf2 Qxf2+ 24. Kxf2 Bg7 25. Re7 Bxe5 26. Rxe6 Rf8+ 27.
Ke2 Bg3 28. Rf1 Rxf1 29. Kxf1 Rxc1+ 30. Ke2 Rc2+ 31. Kf1 Rxc4 32. Rh6 Rc3 33.
Ke2 Rxa3 34. Rxh7 Ra2+ 35. Kf1 c5 36. Re7 Ra1+ 37. Ke2 b5 38. Rxe4 c4 39. g5
Rg1 40. Kf3 Be1 41. g6 Bc3 42. Rg4 a5 43. g7 Bxg7 44. Rxg7 c3 45. Rg5 b4 46.
Rxa5 Kd7 47. Rc5 Rd1 48. Rc4 Kd6 49. Rxb4 c2 0-1

[Event "2024 Fred Maris Cup (Division F)"]
[Site "Woodvale, Perth WA AUS"]
[Date "2024.06.12"]
[Round "1"]
[White "Frankland, David"]
[Black "Powell, Darren"]
[Result "1-0"]
[ECO "C20"]
[WhiteElo "1145"]
[BlackElo "1283"]
[PlyCount "107"]
[EventDate "2024.06.12"]
[EventType "swiss"]
[EventRounds "5"]
[EventCountry "AUS"]
[TimeControl "3600+30"]

1. e4 e5 2. h3 Nc6 3. a3 Nf6 4. d3 h6 5. Nf3 Bc5 6. c3 a6 7. Nbd2 d6 8. Nb3 Ba7
9. Qe2 O-O 10. Be3 b6 11. O-O-O d5 12. g4 d4 13. cxd4 b5 14. dxe5 Bxe3+ 15.
Qxe3 Nh7 16. d4 Qe7 17. Qc3 Qe8 18. d5 Ne7 19. Qxc7 Bd7 20. Qa5 Qc8+ 21. Kb1
Qb7 22. Nc5 Qa7 23. Nxd7 Qxd7 24. d6 Nc6 25. Qc7 Rfd8 26. Qxd7 Rxd7 27. h4 Ne7
28. Bh3 Ng6 29. g5 Rdd8 30. Bf5 Ra7 31. gxh6 gxh6 32. Bxg6 fxg6 33. Rhg1 Nf8
34. h5 g5 35. Nh4 Nh7 36. f4 Kf7 37. fxg5 Nxg5 38. Rgf1+ Ke8 39. Ng6 Kd7 40.
Rf8 Raa8 41. Rxd8+ Rxd8 42. Re1 Nf3 43. Re3 Nd2+ 44. Ka2 a5 45. Re2 Nc4 46. b3
Nb6 47. Rc2 Ke6 48. Rc5 Rd7 49. Rxb5 Rb7 50. Rxa5 Nd7 51. b4 Rb6 52. Kb3 Rc6
53. Nf4+ Kf7 54. e6+ 1-0

[Event "2024 Fred Maris Cup (Division F)"]
[Site "Woodvale, Perth WA AUS"]
[Date "2024.06.12"]
[Round "1"]
[White "Porteus, Grant"]
[Black "Markou, Victor"]
[Result "1-0"]
[ECO "D82"]
[WhiteElo "1228"]
[BlackElo "1042"]
[PlyCount "105"]
[EventDate "2024.06.12"]
[EventType "swiss"]
[EventRounds "5"]
[EventCountry "AUS"]
[TimeControl "3600+30"]

1. d4 d5 2. c4 Nf6 3. Nc3 g6 4. Bf4 Bg7 5. Qc2 O-O 6. h3 Nbd7 7. cxd5 Nb6 8. e4
Nbd7 9. Nb5 Ne8 10. Rc1 e5 11. dxe6 fxe6 12. Bxc7 Nxc7 13. Nxc7 Rb8 14. Nxe6
Qa5+ 15. Qc3 Qxc3+ 16. Rxc3 Re8 17. Bc4 Nb6 18. Bb3 Bxe6 19. e5 Bxb3 20. Rxb3
Rbc8 21. Rc3 Nd5 22. Rxc8 Rxc8 23. Kd1 Rc4 24. Ne2 Bh6 25. g3 Ra4 26. a3 Ra6
27. f4 Rb6 28. Kc2 Rc6+ 29. Kb1 g5 30. Rg1 Rb6 31. Ka2 gxf4 32. gxf4+ Kf7 33.
h4 Nxf4 34. Rf1 Ke6 35. Nxf4+ Bxf4 36. Rxf4 Rc6 37. Rf6+ Kd5 38. Rxc6 bxc6 39.
e6 Kxe6 40. Kb3 Kd5 41. Kc3 h5 42. b4 a6 43. a4 Kd6 44. Kc4 Kc7 45. Kc5 Kb7 46.
b5 a5 47. bxc6+ Kc7 48. d5 Kc8 49. d6 Kd8 50. Kb5 Kc8 51. Kxa5 Kd8 52. Kb6 Kc8
53. Ka7 1-0

[Event "2024 Fred Maris Cup (Division A)"]
[Site "Woodvale, Perth WA AUS"]
[Date "2024.06.19"]
[Round "2"]
[White "Saxon, Marc"]
[Black "Gibson, Jacob"]
[Result "0-1"]
[ECO "C88"]
[WhiteElo "2026"]
[BlackElo "2023"]
[PlyCount "114"]
[EventDate "2024.06.12"]
[EventType "tourn"]
[EventRounds "5"]
[EventCountry "AUS"]
[TimeControl "3600+30"]

1. e4 e5 2. Nf3 Nc6 3. Bb5 a6 4. Ba4 Nf6 5. O-O b5 6. Bb3 Be7 7. Re1 O-O 8. a4
Bb7 9. axb5 axb5 10. Rxa8 Bxa8 11. Nc3 Na5 12. Nxe5 Nxb3 13. cxb3 b4 14. Ne2
Nxe4 15. d3 Nf6 16. Nd4 Re8 17. Nf5 d6 18. Ng4 Nxg4 19. Qxg4 Bf6 20. Rd1 Kh8
21. Qxb4 Qd7 22. Ng3 g6 23. Bd2 Bxb2 24. Bc3+ Bxc3 25. Qxc3+ Kg8 26. Rc1 c5 27.
f3 f5 28. d4 cxd4 29. Qxd4 Rb8 30. Ra1 Qc6 31. Ne2 Qc5 32. b4 Qxd4+ 33. Nxd4
Bd5 34. Rd1 Rxb4 35. Ne2 Bc4 36. Rd4 Rb1+ 37. Kf2 Bxe2 38. Kxe2 Rb2+ 39. Kf1
Rb6 40. Kf2 Kf7 41. Kg3 Ke6 42. Rh4 Rb7 43. Ra4 d5 44. Kf4 Rd7 45. Ra6+ Rd6 46.
Ra7 d4 47. h4 Kd5 48. Ra1 Kc4 49. Ke5 Rd8 50. g4 fxg4 51. Rc1+ Kb3 52. fxg4 d3
53. Kf6 d2 54. Rg1 d1=Q 55. Rxd1 Rxd1 56. Kg7 Rh1 57. h5 Rxh5 0-1

[Event "2024 Fred Maris Cup (Division A)"]
[Site "Woodvale, Perth WA AUS"]
[Date "2024.06.19"]
[Round "2"]
[White "Selby, Michael"]
[Black "Plaganyi, Gyula"]
[Result "1-0"]
[ECO "B20"]
[WhiteElo "1899"]
[BlackElo "2017"]
[BlackTitle "CM"]
[PlyCount "77"]
[EventDate "2024.06.12"]
[EventType "tourn"]
[EventRounds "5"]
[EventCountry "AUS"]
[TimeControl "3600+30"]

1. e4 c5 2. a3 g6 3. b4 Bg7 4. c3 d5 5. bxc5 dxe4 6. Qa4+ Bd7 7. Qxe4 Nc6 8. d4
Nf6 9. Qh4 O-O 10. Nf3 e5 11. Be3 Re8 12. Be2 exd4 13. cxd4 Qa5+ 14. Nbd2 Nd5
15. O-O b5 16. cxb6 Qxb6 17. Bc4 Nce7 18. Ne5 Be6 19. Rfb1 Qc7 20. Rc1 Qd8 21.
Ndf3 f6 22. Bd3 Nxe3 23. fxe3 fxe5 24. Ng5 Bf5 25. Qxh7+ Kf8 26. Rf1 Qd6 27. g4
Qf6 28. h4 Nd5 29. gxf5 Nxe3 30. fxg6 Nxf1 31. Rxf1 Qxf1+ 32. Bxf1 Rac8 33. h5
e4 34. h6 Bxd4+ 35. Kh2 Rc2+ 36. Bg2 Be5+ 37. Kh3 Rc3+ 38. Kh4 Re7 39. g7+ 1-0

[Event "2024 Fred Maris Cup (Division A)"]
[Site "Woodvale, Perth WA AUS"]
[Date "2024.06.19"]
[Round "2"]
[White "Clarke, Daniel"]
[Black "Taylor, Leon"]
[Result "1/2-1/2"]
[ECO "B03"]
[WhiteElo "1960"]
[BlackElo "2098"]
[PlyCount "108"]
[EventDate "2024.06.12"]
[EventType "tourn"]
[EventRounds "5"]
[EventCountry "AUS"]
[TimeControl "3600+30"]

1. e4 Nf6 2. e5 Nd5 3. d4 d6 4. exd6 exd6 5. c3 Be7 6. Bd3 h6 7. Nf3 Be6 8. Na3
c6 9. Nc2 Nd7 10. Bd2 N7b6 11. a4 a5 12. Qe2 g5 13. h3 h5 14. c4 Nf4 15. Bxf4
gxf4 16. b3 Rg8 17. Rg1 Nd7 18. O-O-O b5 19. d5 Nc5 20. dxe6 Nxb3+ 21. Kb2 bxa4
22. exf7+ Kxf7 23. Nfd4 Nxd4 24. Qxh5+ Kf8 25. Nxd4 Qb6+ 26. Nb5 cxb5 27. Qf5+
Ke8 28. Qxb5+ Qxb5+ 29. cxb5 d5 30. Be2 Bc5 31. Rxd5 Bxf2 32. Rf1 Be3 33. Bf3
Rc8 34. Rfd1 Rg7 35. Ka3 Rgc7 36. R1d3 Rc4 37. Re5+ Kf8 38. Rf5+ Ke7 39. Bg4
Bc1+ 40. Ka2 Rc2+ 41. Kb1 Rb2+ 42. Ka1 Rb8 43. Bf3 R8xb5 44. Rxb5 Rxb5 45. Bc6
Rb3 46. Rd5 a3 47. Rxa5 Bb2+ 48. Ka2 Rc3 49. Bf3 Rc1 50. Kb3 Kf6 51. Be4 Rf1
52. Rf5+ Ke6 53. Ra5 Re1 54. Bf3 Rc1 1/2-1/2

[Event "2024 Fred Maris Cup (Division B)"]
[Site "Woodvale, Perth WA AUS"]
[Date "2024.06.19"]
[Round "2"]
[White "Janceski, Alex"]
[Black "Deng, Eric"]
[Result "0-1"]
[ECO "A05"]
[WhiteElo "1891"]
[BlackElo "1886"]
[PlyCount "150"]
[EventDate "2024.06.12"]
[EventType "tourn"]
[EventRounds "5"]
[EventCountry "AUS"]
[TimeControl "3600+30"]

1. Nf3 Nf6 2. g3 e6 3. Bg2 Be7 4. b3 O-O 5. Bb2 c6 6. d3 d5 7. Nbd2 Nbd7 8. e3
Re8 9. h4 h5 10. c4 Bd6 11. O-O Ng4 12. Qc2 Ndf6 13. Rfe1 Qc7 14. Nf1 Bd7 15.
Rac1 Rac8 16. Ng5 e5 17. Qd2 Qb6 18. Red1 d4 19. e4 c5 20. f3 Nh6 21. Nh2 a5
22. Rf1 Nh7 23. Qe2 f6 24. Nxh7 Kxh7 25. Rb1 f5 26. f4 g6 27. Bc1 Qc7 28. Nf3
Kg7 29. fxe5 Bxe5 30. Nxe5 Qxe5 31. Bf4 Qe7 32. Qd2 Ng4 33. Rbe1 Qd8 34. Bf3
fxe4 35. Bxe4 Qb6 36. Bd5 Bf5 37. Bf3 Rcd8 38. Rxe8 Rxe8 39. Re1 Rxe1+ 40. Qxe1
Kf7 41. Bd5+ Be6 42. Qe4 Bxd5 43. Qxd5+ Qe6 44. Qxb7+ Ke8 45. Qa8+ Kf7 46. Qxa5
Qe2 47. Qd2 Qf3 48. a4 Ne3 49. Bxe3 dxe3 50. Qe1 Ke6 51. a5 Kd7 52. a6 Kc8 53.
a7 Kb7 54. Qf1 Qxg3+ 55. Qg2+ Qxg2+ 56. Kxg2 g5 57. hxg5 h4 58. g6 h3+ 59. Kh2
e2 60. g7 e1=Q 61. g8=Q Qd2+ 62. Kxh3 Qxd3+ 63. Qg3 Qf5+ 64. Kh2 Qh5+ 65. Kg1
Qd1+ 66. Kf2 Qd2+ 67. Kf3 Qc3+ 68. Kf4 Qd4+ 69. Kf5 Kxa7 70. Qc7+ Ka8 71. Qe5
Qf2+ 72. Ke6 Ka7 73. Kd6 Qd4+ 74. Qd5 Qf6+ 75. Kxc5 Qb6# 0-1

[Event "2024 Fred Maris Cup (Division B)"]
[Site "Woodvale, Perth WA AUS"]
[Date "2024.06.19"]
[Round "2"]
[White "Elkington, Derek"]
[Black "De Yaak, Peter"]
[Result "0-1"]
[ECO "C54"]
[WhiteElo "1876"]
[BlackElo "1855"]
[PlyCount "82"]
[EventDate "2024.06.12"]
[EventType "tourn"]
[EventRounds "5"]
[EventCountry "AUS"]
[TimeControl "3600+30"]

1. e4 e5 2. Nf3 Nc6 3. Bc4 Bc5 4. c3 Nf6 5. d3 h6 6. b4 Bb6 7. b5 Na5 8. Nxe5
O-O 9. Nd2 Qe7 10. Ng6 Qe8 11. Nxf8 d5 12. Bb3 Kxf8 13. Ba3+ Kg8 14. O-O dxe4
15. dxe4 Bg4 16. Qe1 Qxb5 17. c4 Qg5 18. Kh1 Rd8 19. Bc1 Qh5 20. f3 Be6 21. Bb2
Qg6 22. Rc1 c5 23. Bc2 Nh5 24. e5 Qg5 25. Ne4 Qe7 26. Nf6+ gxf6 27. exf6 Nxf6
28. Qh4 Kg7 29. g4 Rd4 30. Bxd4 cxd4 31. g5 hxg5 32. Qxg5+ Kf8 33. c5 Bxc5 34.
Ba4 b6 35. Qh6+ Kg8 36. Rg1+ Ng4 37. Bc2 f6 38. fxg4 Bd5+ 39. Rg2 Bxg2+ 40.
Kxg2 Qe2+ 41. Kh1 Qf3+ 0-1

[Event "2024 Fred Maris Cup (Division C)"]
[Site "Woodvale, Perth WA AUS"]
[Date "2024.06.19"]
[Round "2"]
[White "Bhatia, Abhay"]
[Black "Gough, Dylan"]
[Result "0-1"]
[ECO "E51"]
[WhiteElo "1694"]
[BlackElo "1762"]
[PlyCount "54"]
[EventDate "2024.06.12"]
[EventType "tourn"]
[EventRounds "5"]
[EventCountry "AUS"]
[TimeControl "3600+30"]

1. d4 Nf6 2. c4 e6 3. Nc3 d5 4. e3 Bb4 5. Nf3 O-O 6. Bd2 c5 7. dxc5 Bxc5 8.
cxd5 Nxd5 9. Qc2 Nb4 10. Qb1 b6 11. a3 Nd5 12. b4 Be7 13. Bd3 Nf6 14. O-O Bb7
15. e4 g6 16. Bf4 Nh5 17. Bh6 Ng7 18. Rd1 Qc8 19. Rc1 Qe8 20. Bb5 Bc6 21. Qb2
f6 22. Bc4 Bd7 23. Nd5 Bd8 24. Ng5 Nc6 25. Nf4 Ne5 26. Bxg7 Nxc4 27. Bxf8 Nxb2
0-1

[Event "2024 Fred Maris Cup (Division C)"]
[Site "Woodvale, Perth WA AUS"]
[Date "2024.06.19"]
[Round "2"]
[White "Doshi, Chirag"]
[Black "Otis, Max"]
[Result "1-0"]
[ECO "B15"]
[WhiteElo "1828"]
[BlackElo "1620"]
[PlyCount "83"]
[EventDate "2024.06.12"]
[EventType "tourn"]
[EventRounds "5"]
[EventCountry "AUS"]
[TimeControl "3600+30"]

1. e4 c6 2. d4 d5 3. Nc3 dxe4 4. Nxe4 Nf6 5. Ng3 e5 6. Be3 Ng4 7. Nf3 Nxe3 8.
fxe3 exd4 9. exd4 Qe7+ 10. Be2 Qb4+ 11. Qd2 Qxb2 12. O-O Be7 13. Qe3 Qb4 14.
Rab1 Qd6 15. Bd3 O-O 16. Ne4 Qc7 17. Neg5 h6 18. Ne4 Be6 19. Ng3 Bxa2 20. Rbe1
Bb4 21. Qe4 g6 22. Ra1 Bd5 23. Qh4 h5 24. Ne5 Be7 25. Qf4 Nd7 26. Nxg6 Qxf4 27.
Nxe7+ Kh8 28. Rxf4 Be6 29. Nef5 Nb6 30. Nxh5 Rfd8 31. Nf6 Bxf5 32. Bxf5 Kg7 33.
Ng4 Nd5 34. Rf3 Re8 35. Bd3 Nb4 36. Raf1 Re7 37. Ne5 Nxd3 38. Nxd3 a5 39. Ne5
a4 40. Rg3+ Kh6 41. Rf4 Kh5 42. Nf3 1-0